 Dungeon Crawl Stone Soup version 0.17-a0-1949-g1acca9a (webtiles) character file.

298 AvylaarBelgium the Ducker (level 6, -3/44 HPs)
             Began as a Demonspawn Gladiator on Oct 2, 2015.
             Slain by an ogre
             ... wielding a +0 giant club
              (13 damage)
             ... on level 5 of the Dungeon.
             The game lasted 00:07:31 (3954 turns).

AvylaarBelgium the Ducker (Demonspawn Gladiator)    Turns: 3954, Time: 00:07:31

Health: -3/44      AC:  5    Str: 16    XL:     6   Next: 13%
Magic:  6/6        EV: 11    Int: 10    God:
Gold:   173        SH:  8    Dex: 14    Spells: 0 memorised, 5 levels left

rFire  . . .     SeeInvis .     y - +0 long sword
rCold  . . .     Clarity  .     b - +0 leather armour
rNeg   . . .     SustAt   .     r - +0 shield
rPois  .         Gourm    .     c - +0 helmet
rElec  .         Spirit   .     B - +0 cloak (curse)
rCorr  .         Warding  .     (no gloves)
rMut   .         Stasis   .     (no boots)
MR     .....                    (no amulet)
Stlth  +.........               (no ring)
                                (no ring)

@: not resistant to hostile enchantments, very unstealthy
A: powered by pain 1
a: no special abilities


You were on level 5 of the Dungeon.
You were very hungry.

You visited 1 branch of the dungeon, and saw 6 of its levels.

You collected 173 gold pieces.

Inventory:

Hand weapons
 n - a +0 hunting sling
 y - a +0 long sword (weapon)
 E - a +3 quarterstaff of chaos
 I - a +0 battleaxe
Missiles
 d - 2 throwing nets
 J - a silver tomahawk (quivered)
Armour
 b - a +0 leather armour (worn)
 c - a +0 helmet (worn)
 f - a +0 scale mail
 r - a +0 shield (worn)
 B - a cursed +0 cloak (worn)
 G - a +0 cloak
Scrolls
 g - 2 scrolls of fear {unknown}
 i - a scroll of immolation {unknown}
 j - 2 scrolls of noise {unknown}
 k - 3 scrolls of identify {unknown}
 m - 2 scrolls of random uselessness {unknown}
 q - 3 scrolls of remove curse {unknown}
 v - 2 scrolls of magic mapping {unknown}
 x - a scroll of enchant weapon {unknown}
 z - a scroll of teleportation {unknown}
 F - a scroll of blinking {unknown}
 H - 3 scrolls of enchant armour {unknown}
Potions
 a - 4 potions of agility {unknown}
 h - 2 potions of might
 o - 3 potions of cure mutation {unknown}
 p - 2 potions of heal wounds {unknown}
 t - 2 potions of poison {unknown}
 u - a potion of degeneration {unknown}
 w - a potion of haste {unknown}
 C - a potion of resistance {unknown}
 D - 2 potions of brilliance {unknown}
Comestibles
 e - 4 bread rations
 l - 2 beef jerkies
 A - a meat ration


   Skills:
 - Level 2.0 Fighting
   Level 3.3(3.6) Short Blades
 + Level 1.9(2.9) Long Blades
 - Level 1.7 Throwing
 + Level 2.4 Armour
 - Level 4.0 Dodging
 + Level 1.1 Stealth
 * Level 1.7 Shields


You had 5 spell levels left.
You didn't know any spells.

Dungeon Overview and Level Annotations

Branches:
Dungeon (6/15)
 Temple: D:4-7

Altars:
Dithmenos

Annotations:
D:2 Natasha
D:3 Ordine's ghost, average MiGl
D:4 Eustachio
D:5 Ordine's ghost, experienced MiGl


Innate Abilities, Weirdness & Mutations

You sometimes gain a little power by taking damage.


Message History

Level annotation: Ordine's ghost, experienced MiGl The ogre hits you with a giant club!
There is a stone staircase leading down, spattered with blood here.
Unknown command.
The ogre hits you with a giant club!
* * * LOW HITPOINT WARNING * * *
The orc warrior hits you but does no damage.
The crimson imp blinks!
An orc comes into view. It is wielding a club.
Found a stone staircase leading up.
The orc shouts!
An ice beast comes into view.
The ice beast moves out of view.
There is a stone staircase leading up here.
A crimson imp comes into view.
Read which item? (? for menu, Esc to quit)
As you read the scroll labeled UGGEEMERAL, it crumbles to dust.
You feel forgetful for a moment.
It was a scroll of amnesia.
The ogre hits you with a giant club!
You die...

.............#.#
###.##.#####...#
#...># #.....#
###..###.###.##
#........# ##.#
#.#.....## #o#
...##.##..# #.##
#.# #..###...
#.O# .. #.##
##.###@# . #. .#
#.# #. . .Y# #.
.... .....
....... ...5....
..........


You could see an orc warrior, an ice beast, an ogre and a crimson imp
(sleeping).

Vanquished Creatures
  A giant frog (D:6)
  Crazy Yiuf (D:4)
  Natasha (D:2)
  A worker ant (D:4)
  4 adders (D:2)
  4 oozes
  An adder zombie (D:5)
  2 adder skeletons (D:4)
  A worm (D:3)
  4 giant geckos
  5 orcs
  4 bats
  11 hobgoblins
  A quokka (D:2)
  A ball python (D:5)
  8 giant cockroaches
  A giant cockroach zombie (D:5)
  5 giant newts
  9 goblins
  12 kobolds
  8 rats
85 creatures vanquished.

Notes
Turn   | Place    | Note
--------------------------------------------------------------
     0 | D:1      | AvylaarBelgium the Demonspawn Gladiator began the quest for the Orb.
     0 | D:1      | Reached XP level 1. HP: 16/16 MP: 1/1
   201 | D:1      | Reached skill level 3 in Dodging
   201 | D:1      | Gained mutation: You sometimes gain a little power by taking damage. [demonic ancestry]
   201 | D:1      | Reached XP level 2. HP: 16/22 MP: 2/2
   605 | D:1      | Reached XP level 3. HP: 22/27 MP: 3/3
  1491 | D:2      | Reached XP level 4. HP: 22/33 MP: 4/4
  1492 | D:2      | Reached skill level 1 in Armour
  1684 | D:2      | Noticed Natasha
  1690 | D:2      | Killed Natasha
  1732 | D:2      | Noticed Natasha
  2171 | D:2      | Reached skill level 4 in Dodging
  2384 | D:3      | Reached XP level 5. HP: 36/38 MP: 5/5
  2737 | D:3      | Noticed Ordine's ghost (average MiGl)
  2790 | D:4      | Reached skill level 1 in Long Blades
  2790 | D:4      | Reached skill level 1 in Stealth
  3080 | D:4      | Noticed Crazy Yiuf
  3089 | D:4      | Killed Crazy Yiuf
  3167 | D:4      | Noticed Eustachio
  3185 | D:4      | Reached skill level 1 in Shields
  3416 | D:5      | Entered Level 5 of the Dungeon
  3518 | D:5      | Noticed an orc warrior
  3519 | D:5      | Noticed Ordine's ghost (experienced MiGl)
  3526 | D:5      | Noticed an ogre
  3655 | D:6      | Found a shadowy altar of Dithmenos.
  3677 | D:6      | Reached XP level 6. HP: 9/44 MP: 6/6
  3950 | D:5      | Noticed an ice beast
  3954 | D:5      | Slain by an ogre

Vault maps used:
D:1:      dpeg_arrival_more_subterranean_lakeside_camping, minmay_vboxes
D:2:      serial_bayou_ford_a, uniq_natasha
D:3:      gammafunk_temple_overflow_statue, first_bread
D:4:      overflow_temple_1_default, uniq_crazy_yiuf_cottage, uniq_eustachio
D:5:      minmay_temple_entry_enclosed_plants, basic_altar
D:6:      slow_altar_1, grunt_temple_overflow_diamond, grunt_ministairs_13,
          nicolae_dithmenos_the_darkroom

Action                   |  1- 3 |  4- 6 || total
-------------------------+-------+-------++-------
Melee: Rapier            |   136 |    12 ||   148
       Long sword        |       |   195 ||   195
Throw: Throwing net      |       |     2 ||     2
       Tomahawk          |       |     1 ||     1
  Use: Potion            |       |     1 ||     1
       Scroll            |       |     1 ||     1
 Stab: Sleeping          |       |     1 ||     1
  Eat: Chunk             |     1 |     8 ||     9
